 Dungeon Crawl Stone Soup version 0.28-a0-751-gef3a642a4e (webtiles) character file.

Game seed: 8036409387617846280

95916 DungeonMaster the Tortoise (level 15, -13/129 HPs)
             Began as a Demonspawn Wanderer on Oct 28, 2021.
             Was an Initiate of Gozag.
             Mangled by a fenstrider witch (17 damage)
             ... while paralysed by a fenstrider witch
             ... on level 2 of the Swamp on Oct 30, 2021.
             The game lasted 01:13:44 (35861 turns).

DungeonMaster the Tortoise (Demonspawn Wanderer)   Turns: 35861, Time: 01:13:45

Health: -13/129    AC: 24    Str: 24    XL:     15   Next: 67%
Magic:  15/15      EV:  2    Int: 17    God:    Gozag
Gold:   288        SH:  0    Dex: 15    Spells: 14/14 levels left

rFire   + + .      SeeInvis +   a - +10 hand axe of Certain Death {elec, rF+ rC+}
rCold   + . .      Faith    .   x - +0 tower shield
rNeg    . . .      Spirit   .   C - +3 scale mail "Leuluowell" {rF+ Int+2}
rPois   +          Reflect  +   g - +2 helmet {SInv}
rElec   .          Harm     .   l - +0 cloak of the Stallion {rCorr}
rCorr   +          Rampage  .   f - +2 pair of gloves {Str+3}
Will    +....                   A - +0 pair of boots
Stlth   ..........              q - amulet of reflection
HPRegen 0.31/turn               I - +6 ring of strength
MPRegen 0.14/turn               J - ring of poison resistance

@: paralysed, agile, lethally poisoned (-13 -> -35), very slow
A: hooves 2, repulsion field 2, foul stench 2, powered by pain 1
a: Renounce Religion, Potion Petition, Call Merchant, Bribe Branch


You were on level 2 of the Swamp.
You worshipped Gozag.
Gozag was aware of your devotion.
You visited 5 branches of the dungeon, and saw 26 of its levels.

You collected 10979 gold pieces.
You spent 4129 gold pieces at shops.
You paid 6562 gold pieces to Gozag.

Inventory:

Hand Weapons
 a - the +10 hand axe of Certain Death (weapon) {elec, rF+ rC+}
   (You bought it in a shop on level 9 of the Dungeon)

   It occasionally discharges a powerful burst of electricity upon striking a
   foe.
   rF:        It protects you from fire.
   rC:        It protects you from cold.
 d - a +1 scimitar of flaming
 s - a +4 demon whip of venom
 w - a +6 vorpal hunting sling
Missiles
 p - 183 sling bullets
 r - 12 javelins
 u - 6 throwing nets
 B - 4 curare-tipped darts (quivered)
 D - 13 boomerangs
 F - 3 boomerangs of dispersal
Armour
 f - a +2 pair of gloves of strength (worn)
 g - a +2 helmet of see invisible (worn)
 l - the +0 cloak of the Stallion (worn) {rCorr}
   (You bought it in a shop on level 15 of the Dungeon)

   rCorr:     It protects you from acid and corrosion.
 x - a +0 tower shield (worn)
 A - a +0 pair of boots (worn)
 C - the +3 scale mail "Leuluowell" (worn) {rF+ Int+2}
   (You found it on level 5 of the Lair of Beasts)

   Int:       It affects your intelligence (+2).
   rF:        It protects you from fire.
Jewellery
 q - an amulet of reflection (around neck)
 v - a +6 ring of strength
 I - a +6 ring of strength (left hand)
 J - a ring of poison resistance (right hand)
 V - a ring of resist corrosion
Wands
 k - a wand of iceblast (10)
 n - a wand of acid (5)
 y - a wand of flame (57)
 G - a wand of digging (6)
Scrolls
 b - 11 scrolls of teleportation
 c - 3 scrolls of magic mapping
 E - 4 scrolls of blinking
 P - a scroll of fog
 R - a scroll of summoning
 T - 3 scrolls of immolation
 Z - 3 scrolls of identify
Potions
 h - 2 potions of flight
 i - 5 potions of cancellation
 j - 7 potions of curing
 K - 4 potions of heal wounds
 L - 3 potions of haste
 M - a potion of resistance
 Q - a potion of might
 U - a potion of berserk rage
Miscellaneous
 O - a condenser vane
 X - a box of beasts (inert)


   Skills:
 * Level 15.1 Fighting
 - Level 17.3 Armour
 * Level 12.8 Dodging
 * Level 12.6 Shields


You had 14 spell levels left.
You didn't know any spells.
Your spell library contained the following spells:

 Spells                   Type           Power      Damage    Failure   Level
 Beastly Appendage        Tmut           0%         N/A       91%         1
 Foxfire                  Conj/Fire      0%         2x1d4     91%         1
 Slow                     Hex            0%         N/A       91%         1
 Blink                    Tloc           0%         N/A       97%         2
 Wereblood                Tmut           0%         N/A       97%         2
 Call Canine Familiar     Summ           0%         N/A       99%         3
 Confusing Touch          Hex            0%         N/A       99%         3
 Conjure Flame            Conj/Fire      0%         6-21      99%         3
 Dazzling Flash           Conj/Hex       0%         N/A       99%         3
 Ignite Poison            Fire/Tmut/Pois 0%         N/A       99%         3
 Inner Flame              Hex/Fire       0%         N/A       99%         3
 Lesser Beckoning         Tloc           0%         N/A       99%         3
 Mephitic Cloud           Conj/Pois/Air  0%         N/A       99%         3
 Portal Projectile        Hex/Tloc       0%         N/A       99%         3
 Spider Form              Tmut/Pois      0%         N/A       99%         3
 Stone Arrow              Conj/Erth      0%         3d7       99%         3
 Animate Armour           Summ/Erth      0%         N/A       100%        4
 Flame Wave               Conj/Fire      0%         3d3       100%        4
 Leda's Liquefaction      Hex/Erth       0%         N/A       100%        4
 Agony                    Necr           0%         N/A       100%        5
 Blade Hands              Tmut           0%         N/A       100%        5
 Freezing Cloud           Conj/Ice/Air   0%         6-21      100%        5
 Manifold Assault         Tloc           0%         N/A       100%        5
 Silence                  Hex/Air        0%         N/A       100%        5
 Summon Forest            Summ/Tloc      0%         N/A       100%        5
 Yara's Violent Unravell  Hex/Tmut       0%         3d3       100%        5
 Eringya's Noxious Bog    Tmut/Pois      0%         N/A       100%        6
 Iron Shot                Conj/Erth      0%         9d1       100%        6
 Summon Hydra             Summ           0%         N/A       100%        7
 Lehudib's Crystal Spear  Conj/Erth      0%         10d2      100%        8


Dungeon Overview and Level Annotations

Branches:
Dungeon (15/15)            Temple (1/1) D:5            Lair (6/6) D:8
  Swamp (2/4) Lair:2       Spider (0/4) Lair:4        Slime (0/5) Lair:5
    Orc (2/2) D:11            Elf (0/3) Orc:2        Vaults (0/5) D:13
 Depths (0/4) D:15

Altars:
Ashenzari
Dithmenos
Gozag
Kikubaaqudgha
Makhleb
Nemelex Xobeh
Qazlal
Ru
Sif Muna
Xom
Zin
The Shining One
Beogh

Shops:
D:8 (   D:9 [(   D:11 [[?*   D:12 *   D:13 (   D:14 *   D:15 ?[[[   Orc:2 *[!*

Annotations:
D:3 2 runed translucent doors
D:7 1 runed translucent door, NoKap's ghost, novice DjFE
D:8 3 runed translucent doors, confidenceinterval's ghost, novice GnCj
Lair:6 3 runed translucent doors, Soborki's ghost, journeyman MiBe


Innate Abilities, Weirdness & Mutations

You have hoof-like feet.
You are surrounded by a moderate repulsion field. (EV +3)
You sometimes emit foul miasma when damaged in melee.
You sometimes gain a little power by taking damage.


Message History

Your body is wracked with pain!
You focus on the pain.
You feel agile all of a sudden.
You hit the fenstrider witch.
Lightning courses through the fenstrider witch!!
The fenstrider witch is severely wounded.
You barely miss the bunyip. The bunyip claws you. The bunyip misses you.
The bunyip closely misses you. The fenstrider witch hits you!
The fenstrider witch kicks you.
The fenstrider witch casts a spell at you.
The toxic sludge hits you!
You are poisoned.
You partially resist.
* * * LOW HITPOINT WARNING * * *
Splash!
You fall into the toxic bog.
Moving in this stuff is going to be slow.
You barely miss the fenstrider witch.
The fenstrider witch is severely wounded.
You hit the bunyip. Lightning courses through the bunyip!!
You fester in the toxic bog!
You partially resist.
You are more poisoned.
You feel very sick.
The fenstrider witch casts a spell at you.
You suddenly lose the ability to move!
You fester in the toxic bog.
You partially resist.
You are more poisoned.
* * * LOW HITPOINT WARNING * * *
You feel very sick.
The fenstrider witch casts a spell at you.
The toxic sludge hits you.
You are lethally poisoned!
You partially resist.
* * * LOW HITPOINT WARNING * * *
The bunyip claws you but does no damage.
The bunyip claws you.
* * * LOW HITPOINT WARNING * * *
You emit a cloud of foul miasma!
The bunyip claws you but does no damage.
The fenstrider witch hits you!
You die...
Your body crumbles into a pile of gold.

♣♣.≈≈≈♣≈♣♣♣ ♣♣♣
♣♣§.♣♣≈.≈♣♣♣♣.♣
♣.≈♣♣..≈≈....♣
♣≈.♣≈≈≈≈≈≈.≈§♣♣
♣♣≈.♣♣≈.≈..?≈.≈♣
♣♣...♣≈...≈≈.♣≈.♣♣
♣.≈≈.♣.≈.♣.♣.≈≈≈≈♣♣.≈♣
♣♣..<♣.≈...≈≈≈.≈....≈♣
♣..♣♣.≈≈≈≈.≈≈@♣≈[≈♣.♣
♣♣..♣♣.♣♣§♣≈§≈xH.^≈..♣
♣≈..♣♣.§≈≈≈≈.≈.≈.≈≈≈.♣
♣.≈.♣♣ <.≈..≈≈≈≈≈.≈♣≈♣
♣♣♣.≈.♣
.≈>.♣.≈§≈≈$♣.≈♣
♣♣...♣♣
.≈.♣≈..≈.≈.♣♣≈§ ♣♣.≈.♣
≈§.≈≈≈≈.≈... ≈ .♣.≈≈♣
≈§[≈.≈≈≈≈≈.≈≈ ...≈♣♣


You could see a bunyip and a fenstrider witch (very poisoned).

Vanquished Creatures
  Nessos (D:15)
  Azrael (D:13)
  A bunyip (shapeshifter) (D:15)
  A fire dragon (D:15)
  A great orb of eyes (D:14)
  10 hydras
  4 boulder beetles
  Erolcha (D:9)
  An ice dragon (D:15)
  A vault guard (D:13)
  3 catoblepae (Lair:6)
  6 centaur warriors
  7 two-headed ogres
  7 death yaks (Lair:6)
  A death knight (D:11)
  3 orc high priests
  2 tengu warriors (D:14)
  Urug (D:11)
  A skeletal warrior (D:13)
  A spriggan druid (Swamp:2)
  Pikel (D:9)
  A wizard (D:15)
  A swamp dragon (Swamp:2)
  A lindwurm (shapeshifter) (D:13)
  2 deep elf pyromancers
  5 orc sorcerers
  5 manticores
  4 orc knights
  An ugly thing (D:13)
  2 oklob plants (Lair:4)
  8 cyclopes
  4 black mambas
  16 cane toads
  A torpor snail (Lair:2)
  2 gargoyles
  16 elephants
  13 komodo dragons
  A kobold demonologist (D:13)
  An efreet (D:15)
  3 rime drakes
  A freezing wraith (D:14)
  4 trolls
  A tyrant leech (Swamp:2)
  3 polar bears
  2 jumping spiders (Lair:4)
  Prince Ribbit (D:9)
  A hornet (Swamp:1)
  20 blink frogs
  15 slime creatures
  2 meliai zombies
  2 centaur simulacra
  10 redbacks
  A spriggan (Swamp:1)
  A tarantella (D:14)
  3 wraiths
  2 shadows
  30 yaks
  3 wyverns
  3 fire elementals (D:13)
  9 basilisks
  2 steam dragons (D:8)
  9 vampire mosquitoes
  Menkaure (D:6)
  Grum (D:9)
  4 wargs (Orc:1)
  2 swamp worms (Swamp:2)
  3 acid dragons
  A hell hound (D:13)
  14 water moccasins
  A swamp drake (Swamp:1)
  4 black bears
  23 orc warriors
  23 wolves
  12 centaurs
  6 ogres
  3 kobold brigands
  A phantom (D:7)
  16 bullfrogs
  A gnoll sergeant (D:7)
  2 water moccasin zombies (D:5)
  3 scorpions
  2 water moccasin skeletons
  11 killer bees (D:9)
  6 electric eels
  4 wights
  3 howler monkeys
  A bullfrog zombie (D:5)
  7 centaur zombies
  3 jellies (Lair:5)
  A centaur skeleton (D:5)
  5 hounds
  A gnoll shaman (D:7)
  3 bullfrog skeletons (D:5)
  15 orc priests
  4 scorpion zombies (D:5)
  Terence (D:2)
  2 iguanas (D:6)
  18 orc wizards
  8 hell rats (Lair:5)
  A killer bee zombie (D:8)
  A hound zombie (D:5)
  2 hound skeletons (D:4)
  A howler monkey zombie (D:9)
  10 gnolls (D:7)
  5 adders
  13 white imps
  2 adder skeletons (D:4)
  3 worms
  2 dart slugs
  69 orcs
  8 ball pythons
  6 bats
  7 endoplasms
  6 goblins
  11 hobgoblins
  2 jackals (D:1)
  21 kobolds
  3 quokkas
  A frilled lizard (D:1)
  5 rats
662 creatures vanquished.

Vanquished Creatures (others)
  A wizard (D:15)
  2 bloated husks
  A spriggan (Swamp:1)
  86 fungi
  84 plants
174 creatures vanquished.

Grand Total: 836 creatures vanquished

Notes
Turn   | Place    | Note
-------+----------+-------------------------------------------
     0 | D:1      | DungeonMaster the Demonspawn Wanderer began the quest for
                  | the Orb.
     0 | D:1      | DungeonMaster set off with the following items: a +2 spear,
                  | a scroll of teleportation, a potion of lignification, a +0
                  | robe
     0 | D:1      | Reached XP level 1. HP: 22/22 MP: 1/1
   199 | D:1      | Gained mutation: You sometimes gain a little power by
                  | taking damage. [demonic ancestry]
   199 | D:1      | Reached XP level 2. HP: 26/28 MP: 2/2
   796 | D:1      | Found an ancient bone altar of Kikubaaqudgha.
   851 | D:2      | Noticed Terence
   999 | D:2      | Reached XP level 3. HP: 29/34 MP: 3/3
  1501 | D:2      | Killed Terence
  1502 | D:2      | Reached skill level 2 in Armour
  1502 | D:2      | Gained mutation: You may rarely emit foul miasma when
                  | damaged in melee. [demonic ancestry]
  1502 | D:2      | Reached XP level 4. HP: 34/41 MP: 4/4
  2450 | D:3      | Gained mutation: You are surrounded by a mild repulsion
                  | field. (EV +2) [demonic ancestry]
  2450 | D:3      | Reached XP level 5. HP: 12/47 MP: 5/5
  2717 | D:3      | Found a large runed translucent door.
  2876 | D:3      | Found a faded altar of an unknown god.
  3017 | D:3      | Found a large runed translucent door.
  3908 | D:5      | Entered Level 5 of the Dungeon
  3939 | D:5      | Reached skill level 3 in Armour
  3945 | D:5      | Gained mutation: You have large cloven feet. [demonic
                  | ancestry]
  3945 | D:5      | Reached XP level 6. HP: 26/55 MP: 6/6
  4163 | D:5      | Found a staircase to the Ecumenical Temple.
  4183 | Temple   | Entered the Ecumenical Temple
  4189 | Temple   | Became a worshipper of Gozag Ym Sagoz the Greedy
  4295 | D:5      | Gained mutation: You are surrounded by a moderate repulsion
                  | field. (EV +3) [demonic ancestry]
  4295 | D:5      | Reached XP level 7. HP: 60/60 MP: 7/7
  4661 | D:5      | Reached skill level 4 in Armour
  5335 | D:6      | Reached XP level 8. HP: 57/67 MP: 8/8
  5515 | D:6      | Found a sacrificial altar of Ru.
  5523 | D:6      | Noticed Menkaure
  5528 | D:6      | Killed Menkaure
  5778 | D:7      | Found a runed translucent door.
  5778 | D:7      | Noticed NoKap's ghost (novice DjFE)
  5907 | D:7      | Reached skill level 5 in Dodging
  6096 | D:7      | Reached skill level 5 in Armour
  6259 | D:7      | Reached skill level 5 in Shields
  6605 | D:7      | Gained mutation: You sometimes emit foul miasma when
                  | damaged in melee. [demonic ancestry]
  6605 | D:7      | Reached XP level 9. HP: 66/75 MP: 9/9
  7547 | D:8      | Reached skill level 6 in Armour
  8129 | D:8      | Found a staircase to the Lair.
  8315 | D:8      | Found Xuesicox's Antique Weapon Shop.
  8320 | D:8      | Identified a scroll of acquirement
  8320 | D:8      | Acquired 518 gold pieces
  8598 | D:8      | Reached XP level 10. HP: 69/83 MP: 10/10
  8703 | D:8      | Found a runed translucent gate.
  8703 | D:8      | Found a runed translucent gate.
  8707 | D:8      | Found a runed translucent gate.
  8709 | D:8      | Noticed confidenceinterval's ghost (novice GnCj)
  8800 | D:9      | Noticed Grum
  8814 | D:9      | Killed Grum
  9248 | D:9      | Noticed Erolcha
  9257 | D:9      | Killed Erolcha
  9258 | D:9      | Reached skill level 10 in Fighting
  9258 | D:9      | Reached skill level 7 in Armour
  9447 | D:9      | Noticed Prince Ribbit
  9466 | D:9      | Killed Prince Ribbit
  9699 | D:9      | Noticed a centaur warrior
  9710 | D:9      | Killed a centaur warrior
 10046 | D:9      | Bought the +10 hand axe of Certain Death {elec, rF+ rC+}
                  | for 1020 gold pieces
 10089 | D:9      | Noticed Pikel
 10107 | D:9      | Killed Pikel
 10141 | D:9      | Found a sparkling altar of Nemelex Xobeh.
 10220 | D:9      | Found Rososm's Armour Boutique.
 10596 | D:9      | Found a shadowy altar of Dithmenos.
 10675 | D:9      | Found a shimmering altar of Xom.
 11299 | D:8      | Acquired a +2 helmet of see invisible
 11397 | D:10     | Entered Level 10 of the Dungeon
 11440 | D:10     | Noticed a two-headed ogre
 11451 | D:10     | Killed a two-headed ogre
 11452 | D:10     | Reached skill level 8 in Armour
 11452 | D:10     | Reached XP level 11. HP: 34/92 MP: 11/11
 11686 | D:10     | Noticed a two-headed ogre
 11690 | D:10     | Killed a two-headed ogre
 11759 | D:10     | Noticed a two-headed ogre
 11773 | D:10     | Killed a two-headed ogre
 12459 | D:11     | Noticed a two-headed ogre
 12473 | D:11     | Killed a two-headed ogre
 12663 | D:11     | Acquired a manual of Armour
 12665 | D:11     | Found Amiheocsio's Magic Scroll Shop.
 12683 | D:11     | Bought a scroll of fear for 59 gold pieces
 12683 | D:11     | Bought a scroll of blinking for 127 gold pieces
 12708 | D:11     | Reached skill level 9 in Armour
 12869 | D:11     | Reached skill level 10 in Armour
 12987 | D:11     | Noticed a death knight
 12999 | D:11     | Killed a death knight
 13172 | D:11     | Found Wibrerei's General Store.
 13180 | D:11     | Bought 3 scrolls of teleportation for 108 gold pieces
 13180 | D:11     | Bought a scroll of magic mapping for 42 gold pieces
 13180 | D:11     | Bought a throwing net for 36 gold pieces
 13273 | D:11     | Found Poduip's Armour Emporium.
 13295 | D:11     | Found a staircase to the Orcish Mines.
 13513 | D:11     | Reached skill level 11 in Armour
 13612 | D:11     | Found Udam's Armour Shop.
 13735 | D:12     | Noticed a boulder beetle
 13741 | D:12     | Killed a boulder beetle
 13768 | D:12     | Reached skill level 12 in Armour
 13768 | D:12     | Reached XP level 12. HP: 87/100 MP: 12/12
 13897 | D:12     | Found Lanty's Assorted Antiques.
 14292 | D:12     | Reached skill level 13 in Armour
 14434 | D:12     | Noticed a two-headed ogre
 14456 | D:12     | Killed a two-headed ogre
 14856 | D:13     | Found a frozen archway.
 14859 | D:13     | Noticed a boulder beetle
 14872 | D:13     | Reached skill level 14 in Armour
 14879 | D:13     | Killed a boulder beetle
 15325 | D:13     | Noticed a five-headed hydra
 15340 | D:13     | Noticed a five-headed hydra
 15341 | D:13     | Reached skill level 15 in Armour
 15593 | D:12     | Killed a five-headed hydra
 15864 | D:13     | Noticed a boulder beetle
 15877 | D:13     | Killed a boulder beetle
 16175 | D:13     | Noticed a centaur warrior
 16186 | D:13     | Killed a centaur warrior
 16216 | D:13     | Reached skill level 16 in Armour
 16553 | D:13     | Noticed a vault guard
 16578 | D:13     | Killed a vault guard
 16626 | D:13     | Noticed a centaur warrior
 16629 | D:13     | Killed a centaur warrior
 16780 | D:13     | Found a gate to the Vaults.
 16805 | D:13     | Found a broken altar of Ashenzari.
 16845 | D:13     | Killed a five-headed hydra
 17047 | D:13     | Reached XP level 13. HP: 106/106 MP: 13/13
 17408 | D:14     | Noticed Azrael
 17418 | D:13     | Killed Azrael
 17419 | D:13     | Reached skill level 17 in Armour
 17538 | D:13     | Bought a shimmering flail for 289 gold pieces
 17538 | D:13     | Identified the +6 flail "Concordance" {pain, Fragile rC+
                  | rCorr} (You bought it in a shop on level 13 of the Dungeon)
 17914 | D:14     | Found a gate leading to a gauntlet.
 18410 | D:14     | Found a hide-covered altar of Uskayaw.
 18412 | D:14     | Found a burning altar of Makhleb.
 18412 | D:14     | Found a shimmering blue altar of Sif Muna.
 18412 | D:14     | Found a shimmering altar of Xom.
 19370 | D:14     | Found Jizxeyff's Assorted Antiques.
 19376 | D:14     | Bought an ichor-stained leather armour for 231 gold pieces
 19376 | D:14     | Identified the +1 leather armour of Sunlight {Int+2 Dex+4}
                  | (You bought it in a shop on level 14 of the Dungeon)
 19983 | D:15     | Entered Level 15 of the Dungeon
 20200 | D:15     | Noticed Nessos
 20213 | D:15     | Killed Nessos
 20573 | D:15     | Noticed a bunyip
 20584 | D:15     | Killed a bunyip
 21745 | D:15     | Noticed a fire dragon
 21774 | D:15     | Killed a fire dragon
 21775 | D:15     | Reached skill level 10 in Dodging
 21786 | D:15     | Found a staircase to the Depths.
 22155 | D:15     | Upgraded the game from 0.28-a0-728-g0181a31188 to
                  | 0.28-a0-751-gef3a642a4e
 22277 | Orc:1    | Entered Level 1 of the Orcish Mines
 22696 | Orc:1    | Noticed Urug
 22737 | D:11     | Killed Urug
 22910 | Orc:1    | Reached skill level 10 in Shields
 22910 | Orc:1    | Gained mutation: You have hoof-like feet. [demonic
                  | ancestry]
 22910 | Orc:1    | Reached XP level 14. HP: 91/113 MP: 14/14
 23570 | Orc:2    | Entered Level 2 of the Orcish Mines
 23577 | Orc:2    | Found a staircase to the Elven Halls.
 25735 | Orc:2    | Found Vumiret's General Store.
 25735 | Orc:2    | Found Lyacsaet's Assorted Antiques.
 25737 | Orc:2    | Found Lataurem's Armour Shoppe.
 25737 | Orc:2    | Found Xulanet's Distillery.
 25743 | Orc:2    | Bought a potion of curing for 42 gold pieces
 25743 | Orc:2    | Bought a potion of heal wounds for 70 gold pieces
 25747 | Orc:2    | Bought a potion of curing for 48 gold pieces
 25747 | Orc:2    | Bought a potion of curing for 48 gold pieces
 25747 | Orc:2    | Bought 2 potions of haste for 320 gold pieces
 25747 | Orc:2    | Bought a potion of ambrosia for 128 gold pieces
 25747 | Orc:2    | Bought a potion of cancellation for 128 gold pieces
 25747 | Orc:2    | Bought a potion of ambrosia for 128 gold pieces
 25749 | Orc:2    | Bought a scroll of summoning for 256 gold pieces
 25749 | Orc:2    | Bought a scroll of magic mapping for 94 gold pieces
 25749 | Orc:2    | Bought a scroll of amnesia for 94 gold pieces
 26013 | Lair:1   | Entered Level 1 of the Lair of Beasts
 26015 | Lair:1   | Found a stormy altar of Qazlal.
 27375 | Lair:2   | Found a staircase to the Swamp.
 29990 | Lair:4   | Found a hole to the Spider Nest.
 30205 | Lair:4   | Reached XP level 15. HP: 123/126 MP: 15/15
 30388 | Lair:4   | Acquired 1257 gold pieces
 30390 | Lair:4   | Acquired 601 gold pieces
 30392 | Lair:4   | Acquired 795 gold pieces
 31729 | Lair:5   | Found a staircase to the Slime Pits.
 31833 | Lair:5   | Identified the +3 scale mail "Leuluowell" {rF+ Int+2}
 32190 | Lair:6   | Entered Level 6 of the Lair of Beasts
 33370 | Lair:6   | Identified the +5 scale mail of Ytoxkum {Rampage Int+3}
 33781 | Lair:6   | Found a runed translucent gate.
 33781 | Lair:6   | Found a runed translucent gate.
 33781 | Lair:6   | Found a runed translucent gate.
 33785 | Lair:6   | Noticed Soborki's ghost (journeyman MiBe)
 33881 | Lair:6   | Reached skill level 15 in Fighting
 34612 | D:15     | Bought a spiked cloak for 237 gold pieces
 34612 | D:15     | Identified the +0 cloak of the Stallion {rCorr} (You bought
                  | it in a shop on level 15 of the Dungeon)
 34657 | D:15     | Bought a +2 pair of gloves of strength for 408 gold pieces
 34674 | D:15     | Bought a shimmering ring mail for 216 gold pieces
 34674 | D:15     | Identified the +2 ring mail "Uhenk" {+Blink} (You bought it
                  | in a shop on level 15 of the Dungeon)
 34992 | Swamp:1  | Entered Level 1 of the Swamp
 35853 | Swamp:2  | Noticed a fenstrider witch
 35860 | Swamp:2  | Paralysed by a fenstrider witch for 2 turns
 35861 | Swamp:2  | HP: 4/129 [bunyip (5)]
 35861 | Swamp:2  | Mangled by a fenstrider witch

Illustrated notes

Levels and vault maps discovered:
D:1:      dpeg_arrival_water_altar, layout_loops_ring, minmay_statues_item,
          hangedman_feature_mirror, minmay_misc_feat_doors, minmay_tetromino_o4
D:2:      layout_basic, patterned_corridor, uniq_terence
D:3:      layout_basic, jmf_multi_god_temple2,
          dreamdust_ecumenical_altar_angels_and_demons
D:4:      layout_loops_ring
D:5:      layout_basic, minmay_temple_entry_stoned_glass, serial_undead,
          serial_undead_b, serial_undead_a, serial_undead_d, serial_undead_d
D:6:      layout_cave_pools, hangedman_ru_absence, uniq_menkaure
D:7:      kennysheep_housing_project, layout_basic,
          hellmonk_ghost_happy_afterlife
D:8:      layout_basic, due_lair_maze_entry_diamond, gammafunk_ghost_necromancy,
          serial_shops, nicolae_shop_trees
D:9:      layout_stronghold, nemelex_xobeh_ov_fountains_minmay,
          mainiacjoe_overflow_swirl, serial_shops, shop, uniq_grum,
          uniq_erolcha, uniq_pikel, uniq_prince_ribbit1
D:10:     layout_gridville
D:11:     layout_rooms, david_orc_5, serial_shops, nicolae_shop_statue_plus,
          nicolae_shop_crystal, nicolae_shop_waterfront, kennysheep_mini
D:12:     layout_roguey, serial_shops, shop
D:13:     layout_roguey, david_vaults_5, portal_ice_cave_entry_imps,
          nicolae_ashenzari_skybound
D:14:     layout_roguey, gauntlet_entry_generic, doesnt_xom_only_xom,
          serial_shops, nicolae_shop_crystal, kennysheep_potato, uniq_azrael
D:15:     grunt_enter_depths_hoard, layout_irregular_city,
          roderic_roman_lattice, uniq_nessos
Temple:   eino_temple_rhombus
Lair:1:   layout_roguey, basic_altar, chequers_serial_rivers_micro_a
Lair:2:   nzn_winding_woodlands_medium [nzn_winding_woodlands_5x5_closed_star,
          nzn_winding_woodlands_5x15_default, nzn_winding_woodlands_5x5_default,
          nzn_winding_woodlands_5x5_checkerboard,
          nzn_winding_woodlands_center_triple_pond,
          nzn_winding_woodlands_5x5_cross, nzn_winding_woodlands_5x5_open_star,
          nzn_winding_woodlands_5x15_crooked,
          nzn_winding_woodlands_5x5_perimeter], layout_cave_shapes,
          minmay_swamp_entry_eels, chequers_serial_rivers_micro_b,
          beast_lair_carwin_3
Lair:3:   layout_cave_pods, infiniplex_staircase_pool_2, serial_bayou_shore_a
Lair:4:   minmay_lair_oklob_chamber, layout_misc_corridors,
          nicolae_spider_entry_tight_spaces, lemuel_fruit_tree
Lair:5:   layout_loops_ring, nicolae_slime_entry_slimehenge, st_stairs_11
Lair:6:   evilmike_catoblepas_cave, layout_long_grid,
          gammafunk_ghost_hydra_chop, lemuel_fruit_fields
Swamp:1:  layout_falls_marsh, basic_altar, swamp_pool4, hangedman_swamp_lotus
Swamp:2:  layout_falls_marsh, evilmike_swamp_ruin_house_5
Orc:1:    nicolae_orc_accident_1, layout_caves, mines5_lemuel, uniq_urug
Orc:2:    grunt_orc_tribal_feast, layout_diamond_mine, basic_altar

Skill      XL: |  1  2  3  4  5  6  7  8  9 10 11 12 13 14 15 |
---------------+----------------------------------------------+-----
Dodging        | 2 3 4 5 6 8 10 11 12 | 12.8
Armour         | 2 3 4 5 6 8 12 16 17 | 17.3
Shields        | 2 3 5 6 7 8 10 11 12 | 12.6
Fighting       | 7 8 9 10 11 12 14 15 | 15.1

Action                   |  1- 3 |  4- 6 |  7- 9 | 10-12 | 13-15 || total
-------------------------+-------+-------+-------+-------+-------++-------
Melee: Spear             |    81 |    43 |       |       |       ||   124
       Dagger            |    35 |   152 |       |       |       ||   187
       Demon whip        |       |    36 |   318 |   180 |   593 ||  1127
       Kick              |       |    19 |    31 |       |       ||    50
       Hand axe          |       |       |       |   296 |   677 ||   973
       Flail             |       |       |       |     3 |     1 ||     4
       Scimitar          |       |       |       |       |    57 ||    57
 Fire: Hunting sling     |       |       |       |       |     2 ||     2
Throw: Stone             |     3 |       |       |       |       ||     3
       Dart              |       |       |       |    29 |    10 ||    39
       Boomerang         |       |       |       |       |    36 ||    36
Invok: Call Merchant     |       |       |       |     1 |     5 ||     6
       Potion Petition   |       |       |       |       |     1 ||     1
Evoke: Wand              |       |       |       |     8 |    50 ||    58
       Box of beasts     |       |       |       |       |     1 ||     1
  Use: Scroll            |     3 |     2 |     7 |    13 |    10 ||    35
       Potion            |       |     1 |       |     1 |     4 ||     6
 Stab: Sleeping          |     1 |       |       |       |       ||     1
       Distracted        |       |       |     1 |     1 |    12 ||    14
       Invisible         |       |       |       |       |     2 ||     2
Armor: Scale mail        |    51 |    86 |   128 |   187 |   498 ||   950
       Robe              |     1 |       |       |       |       ||     1
       Skin              |       |     6 |       |       |       ||     6
Dodge: Dodged            |    40 |    79 |   115 |   254 |   785 ||  1273
Block: Kite shield       |       |   121 |    35 |       |       ||   156
       Reflection        |       |     2 |    15 |    17 |    47 ||    81
       Other             |       |     2 |       |       |       ||     2
       Tower shield      |       |       |   343 |   655 |  1865 ||  2863

Table legend: (Time is in decaauts)
 A = Elapsed time spent in this place.
 B = Non-inter-level travel time spent in this place.
 C = Inter-level travel time spent in this place.
 D = Time resting spent in this place.
 E = Time spent auto-exploring this place.
 F = Levels seen in this place.
 G = Mean time per level.
                   A        B        C        D        E       F      G
               +--------+--------+--------+--------+--------+-----+--------+
         Total |  37166 |  35751 |   1415 |  10623 |  17216 |  26 | 1429.5 |
       Dungeon |  23541 |  22508 |   1033 |   6573 |  11502 |  15 | 1569.4 |
        Temple |     12 |      6 |      6 |      0 |      0 |   1 |   12.0 |
          Lair |   8928 |   8600 |    328 |   2231 |   4198 |   6 | 1488.0 |
         Swamp |    916 |    916 |      0 |    614 |    103 |   2 |  458.0 |
  Orcish Mines |   3767 |   3721 |     46 |   1204 |   1412 |   2 | 1883.5 |
               +--------+--------+--------+--------+--------+-----+--------+

Top non-repeatable levels by time:
    D:14: 2456 daAuts
    D:13: 2374 daAuts
     D:7: 2353 daAuts
    D:15: 2288 daAuts
   Orc:1: 2271 daAuts
  Lair:6: 2226 daAuts
     D:9: 2099 daAuts
    D:12: 1998 daAuts
  Lair:2: 1685 daAuts
   Orc:2: 1495 daAuts
     D:8: 1489 daAuts
    D:11: 1458 daAuts
  Lair:3: 1442 daAuts
     D:2: 1420 daAuts
  Lair:4: 1305 daAuts
